 Dungeon Crawl Stone Soup version 0.25.1-8-g42b30a86e7 (webtiles) character file.

Game seed: 4760004370700562590

221 Destapler the Chopper (level 5, -5/48 HPs)
             Began as a Hill Orc Monk on Dec 28, 2020.
             Was a Believer of Beogh.
             Slain by an ogre
             ... wielding a +0 giant club
              (17 damage)
             ... on level 3 of the Dungeon.
             The game lasted 00:06:44 (3608 turns).

Destapler the Chopper (Hill Orc Monk)               Turns: 3608, Time: 00:06:45

Health: -5/48      AC: 13    Str: 21    XL:     5   Next: 98%
Magic:  5/5        EV:  7    Int: 10    God:    Beogh [**....]
Gold:   87         SH:  0    Dex: 13    Spells: 4/4 levels left

rFire    . . .     SeeInvis .   a - +0 hand axe
rCold    . . .     Gourm    .   (no shield)
rNeg     . . .     Faith    .   e - +0 plate armour
rPois    .         Spirit   .   (no helmet)
rElec    .         Reflect  .   q - +0 cloak
rCorr    .         Harm     .   o - +0 pair of gloves
MR       .....                  (no boots)
Stlth    ..........             (no amulet)
HPRegen  0.16/turn              w - +6 ring of strength
MPRegen  0.09/turn              (no ring)

@: no status effects
A: no striking features
a: Smiting, Renounce Religion


You were on level 3 of the Dungeon.
You worshipped Beogh.
Beogh was pleased with you.
You were not hungry.

You visited 1 branch of the dungeon, and saw 4 of its levels.

You collected 87 gold pieces.

Inventory:

Hand Weapons
 a - a +0 hand axe (weapon)
 g - a +2 dagger of venom
Missiles
 s - 3 curare-tipped darts (quivered)
 t - a throwing net
Armour
 b - a +0 robe
 e - a +0 plate armour (worn)
 o - a +0 pair of gloves (worn)
 q - a +0 cloak (worn)
Jewellery
 w - a +6 ring of strength (left hand)
Scrolls
 d - a scroll of enchant armour {unknown}
 f - 3 scrolls of identify {unknown}
 h - 2 scrolls of immolation {unknown}
 j - a scroll of amnesia {unknown}
 k - 3 scrolls of remove curse {unknown}
 m - a scroll of random uselessness {unknown}
 p - a scroll of fear {unknown}
 r - 2 scrolls of fog {unknown}
Potions
 i - a potion of curing {unknown}
 l - a potion of resistance {unknown}
 n - 2 potions of degeneration {unknown}
 u - a potion of haste {unknown}
Comestibles
 c - 8 rations
 v - 2 chunks of flesh


   Skills:
 - Level 5.0 Fighting
 + Level 5.3 Axes
 + Level 2.6 Armour
 + Level 3.3 Dodging
 - Level 2.0 Stealth


You had 4 spell levels left.
You didn't know any spells.
Your spell library was empty.

Dungeon Overview and Level Annotations

Branches:
Dungeon (4/15)
 Temple: D:4-7

Altars:
Yredelemnul


Message History

You are too injured to fight recklessly!
You are too injured to fight recklessly!
You are too injured to fight recklessly!
You are too injured to fight recklessly!
You are too injured to fight recklessly!
You are too injured to fight recklessly!
You are too injured to fight recklessly!
You are too injured to fight recklessly!
You are too injured to fight recklessly!
You are too injured to fight recklessly!
You are too injured to fight recklessly!
You are too injured to fight recklessly!
Your plate armour prevents you from hitting the ogre.
The ogre is heavily wounded.
Your plate armour prevents you from hitting the orc.
The orc closely misses you.
You hit the ogre.
The ogre is severely wounded.
You hit the orc but do no damage. The ogre hits you with a +0 giant club!
You die...

#................# #.##.#
#.#...........##.# #.##.#
#.#............#.# #.##.#
#.#............#.####....#
#.#............#..........
#.#............##........#
########.#....................#.#
.........#.....O......##.#.##.#.#
##########.....o@................
#...........#####.##.#.#
##########.#.##...##.........#..
#.......รท..#.##...##.####.######
#.##########.##..............oo.
#.# #....#.##...##.#.##.###.##
#.# #.##.#.##...##.#.##.# #...
##.#####.##.#.##...##.#.##)#####.
.........##.#.##...##............


You could see an ogre and an orc.

Vanquished Creatures
  3 orc wizards (D:3)
  A gnoll (D:1)
  3 adders
  2 oozes (D:1)
  4 worms
  3 dart slugs (D:1)
  2 leopard geckos (D:3)
  17 orcs
  11 bats
  3 giant cockroaches
  5 goblins
  6 hobgoblins
  4 frilled lizards
  10 kobolds
  9 rats
83 creatures vanquished.

Vanquished Creatures (others)
  A worm (D:3)
  An orc (D:3)
2 creatures vanquished.

Grand Total: 85 creatures vanquished

Notes
Turn   | Place    | Note
-------+----------+-------------------------------------------
     0 | D:1      | Destapler the Hill Orc Monk began the quest for the Orb.
     0 | D:1      | Reached XP level 1. HP: 19/19 MP: 1/1
    65 | D:1      | Reached XP level 2. HP: 22/27 MP: 2/2
   545 | D:1      | Reached XP level 3. HP: 30/33 MP: 3/3
   573 | D:1      | Reached skill level 1 in Armour
  1371 | D:2      | Reached XP level 4. HP: 25/41 MP: 4/4
  1877 | D:3      | Reached skill level 5 in Axes
  1877 | D:3      | Reached XP level 5. HP: 28/47 MP: 5/5
  2640 | D:3      | Became a worshipper of Beogh the Brigand
  2640 | D:3      | Reached * piety under Beogh
  2640 | D:3      | Reached ** piety under Beogh
  3049 | D:3      | Reached skill level 5 in Fighting
  3229 | D:3      | Found a basalt altar of Yredelemnul.
  3598 | D:4      | Noticed an ogre
  3608 | D:3      | Slain by an ogre

Illustrated notes

Levels and vault maps discovered:
D:1:      sevenhm_arrival_forest_fort_small_4, layout_loops_ring
D:2:      minmay_door_path, layout_basic, first_ration
D:3:      layout_basic, lemuel_statue_altar
D:4:      layout_rooms

Skill      XL: |  1  2  3  4  5 |
---------------+----------------+-----
Stealth        | 2 |  2.0
Fighting       | 4 5 |  5.0
Armour         | 1 2 |  2.6
Axes           | 5 |  5.3
Dodging        | 3 |  3.3

Action                   |  1- 3 |  4- 6 || total
-------------------------+-------+-------++-------
Melee: Hand axe          |   127 |   185 ||   312
Invok: Convert to Beogh  |       |     1 ||     1
  Use: Potion            |       |     1 ||     1
  Eat: Chunk             |     2 |     7 ||     9
Armor: Robe              |     3 |       ||     3
       Plate armour      |    68 |   183 ||   251
Dodge: Dodged            |    32 |    56 ||    88
